 Dungeon Crawl Stone Soup version 0.14-a0-1817-gb992dfe (webtiles) character file.

246 Jenx the Vexing (level 4, -6/21 HPs)
             Began as a Spriggan Enchanter on Jan 9, 2014.
             Killed from afar by Ijyb (8 damage)
             ... with a wand of magic darts
             ... on Level 3 of the Dungeon.
             The game lasted 00:10:06 (2523 turns).

Jenx the Vexing (Spriggan Enchanter)                Turns: 2523, Time: 00:10:07

HP  -6/21        AC  3     Str  4      XL: 4   Next: 86%
MP   6/12        EV 18     Int 17      God:
Gold 118         SH  0     Dex 16      Spells:  3 memorised,  2 levels left

rFire  . . .     SeeInvis +     a - +1 dagger
rCold  . . .     Clarity  .     b - +1 robe
rNeg   . . .     Conserve .     (shield restricted)
rPois  .         rCorr    .     (helmet restricted)
rElec  .         rRot     .     (no cloak)
SustAb . .       Spirit   .     (gloves unavailable)
rMut   .         Warding  .     (boots unavailable)
Saprov . . .     Stasis   .     (no amulet)
                                (no ring)
                                (no ring)

@: very quick, slightly resistant to hostile enchantments, stealthy
A: unfitting armour, see invisible, herbivore 3, speed 3, slow metabolism 2
a: no special abilities


You were on level 3 of the Dungeon.
You were not hungry.

You visited 1 branch of the dungeon, and saw 3 of its levels.

You collected 118 gold pieces.

Inventory:

Hand weapons
 a - a +1,+1 dagger (weapon)
Missiles
 d - 20 darts (quivered)
 r - 14 darts of frost
 s - 5 needles of paralysis
Armour
 b - a +1 robe (worn)
Magical devices
 y - a wand of teleportation (1) {unknown}
Comestibles
 h - a choko
 k - 3 bread rations
Scrolls
 f - 2 scrolls of curse armour {unknown}
 i - 2 scrolls of noise {unknown}
 j - a scroll of enchant weapon I {unknown}
 m - 2 scrolls of blinking {unknown}
 n - 2 scrolls of identify {unknown}
 u - 2 scrolls of fog {unknown}
 v - a scroll of recharging {unknown}
 w - a scroll of teleportation {unknown}
 x - a scroll of amnesia {unknown}
Jewellery
 q - a cursed -2 ring of evasion {unknown}
Potions
 e - a potion of porridge
 g - a potion of brilliance {unknown}
 l - a potion of invisibility {unknown}
 o - a potion of heal wounds {unknown}
 p - a potion of paralysis {unknown}
 t - 2 potions of curing {unknown}
Books
 c - a book of Maledictions

   Spells                             Type                      Level
   *Corona                            Hexes                        1
   Sure Blade                         Hexes/Charms                 2
   *Ensorcelled Hibernation           Hexes/Ice                    2
   *Confuse                           Hexes                        3
   Enslavement                        Hexes                        4
   Invisibility                       Hexes                        6


   Skills:
 - Level 1.1 Short Blades
 - Level 1.1 Throwing
 - Level 3.0 Dodging
 - Level 3.0 Stealth
 - Level 2.6 Spellcasting
 + Level 6.5 Hexes
 - Level 1.0 Ice Magic


You had 2 spell levels left.
You knew the following spells:

 Your Spells              Type           Power        Failure   Level  Hunger
a - Ensorcelled Hibernat  Hex/Ice        ###...       10%         2    ##.....
b - Confuse               Hex            ###.....     4%          3    ###....
c - Corona                Hex            ###....      1%          1    #......


Dungeon Overview and Level Annotations

Branches:
Dungeon (3/16)

Altars:

Annotations:
D:3 Ijyb


Innate Abilities, Weirdness & Mutations

You are tiny and cannot use many weapons and most armour.
You have supernaturally acute eyesight.
You are a herbivore.
You cover ground extremely quickly.
You need consume almost no food.


Message History

Aim: Ijyb carrying a wand of magic darts {zapped: 1} Ijyb resists with significant effort.
Ijyb zaps a wand.
The magic dart hits you!
* * * LOW HITPOINT WARNING * * *
Casting: Ensorcelled Hibernation
Confirm with . or Enter, or press ? or * to list all spells.
Aiming: Ensorcelled Hibernation
Press: ? - help, Shift-Dir - straight line, f/p - Ijyb
Aim: Ijyb carrying a wand of magic darts {zapped: 2} Ijyb looks drowsy...
The helpless Ijyb fails to defend himself.
You slash Ijyb!
Ijyb is heavily wounded.
Casting: Ensorcelled Hibernation
Confirm with . or Enter, or press ? or * to list all spells.
Aiming: Ensorcelled Hibernation
Press: ? - help, Shift-Dir - straight line, f/p - Ijyb
Aim: Ijyb carrying a wand of magic darts {zapped: 2} (heavily wounded) Ijyb is unaffected.
Ijyb zaps a wand.
The magic dart hits you!
You die...

..#.#. #....#. .
#....# #....#.
##.##....###.######)#%
...........
........... ...#.....#
#.######.#. #.#.....#
#..........
#.......##########.#.
##.#....[..%......(.#.
#...g@................
#..#.##.....#########.
# ... #.....# #. ...##
#....## #. ##.. #..###
#. ## ..... . #....##
#....# ....#


You could see Ijyb.

Vanquished Creatures
  Jessica (D:3)
  3 gnolls (D:3)
  2 adders (D:2)
  An inept feature mimic (D:2)
  An ooze (D:2)
  13 goblins
  4 hobgoblins
  5 kobolds
  A ball python (D:2)
  7 bats
  3 giant cockroaches
  5 giant newts
  6 jackals (D:1)
  7 rats
59 creatures vanquished.

Notes
Turn   | Place    | Note
--------------------------------------------------------------
     0 | D:1      | Jenx, the Spriggan Enchanter, began the quest for the Orb.
     0 | D:1      | Reached XP level 1. HP: 9/9 MP: 4/4
   184 | D:1      | Reached skill level 4 in Hexes
   329 | D:1      | Reached XP level 2. HP: 13/13 MP: 7/7
   335 | D:1      | Learned a level 2 spell: Ensorcelled Hibernation
   813 | D:1      | Reached skill level 5 in Hexes
   846 | D:1      | You fall through a shaft!
   952 | D:2      | Reached XP level 3. HP: 14/16 MP: 9/9
   977 | D:2      | Learned a level 3 spell: Confuse
  2038 | D:2      | Reached skill level 1 in Ice Magic
  2038 | D:2      | Reached XP level 4. HP: 19/21 MP: 12/12
  2065 | D:3      | Noticed a centaur
  2081 | D:3      | Noticed Jessica
  2088 | D:3      | Killed Jessica
  2088 | D:3      | Reached skill level 6 in Hexes
  2514 | D:3      | Noticed Ijyb
  2519 | D:3      | HP: 1/21 [Ijyb/wand of magic darts (8)]
  2523 | D:3      | Killed from afar by Ijyb

Action                   |  1- 3 |  4- 6 || total
-------------------------+-------+-------++-------
Melee: Dagger            |   100 |    30 ||   130
Throw: Dart              |    63 |    13 ||    76
 Cast: Ensorcelled Hiber |    19 |    10 ||    29
       Confuse           |       |     1 ||     1
 Stab: Sleeping          |    22 |     7 ||    29
